[Event "1er Open international de Liffré - Tourn"]
[Site "Liffré"]
[Date "2015.10.18"]
[Round "3.2"]
[White "Swayams, Mishra"]
[Black "Guezennec, Franck"]
[Result "1-0"]
[ECO "E71"]
[WhiteElo "2444"]
[BlackElo "2259"]
[Annotator "Ruhlmann,Dominique"]
[PlyCount "75"]
[EventDate "2015.??.??"]
[TimeControl "6000+1310"]
[WhiteClock "0:14:54"]
[BlackClock "0:00:33"]

1. d4 Nf6 2. c4 g6 3. Nc3 Bg7 4. e4 d6 5. h3 O-O 6. Bg5 c5 7. d5 b5 8. cxb5 a6
9. a4 Qa5 10. Bd2 e6 11. Bc4 exd5 12. exd5 Qd8 13. Nge2 Nfd7 14. Bf4 Ne5 15.
Bb3 Re8 16. O-O Bb7 17. Qd2 Nbd7 18. Bg5 Qa5 19. f4 Qb4 20. fxe5 Qxb3 21. exd6
f6 22. Be3 Rad8 23. Nc1 Qb4 24. Nd3 Qh4 25. Nxc5 Nxc5 26. Bxc5 f5 27. bxa6 Bxa6
28. Rfe1 Qc4 29. Bb6 Rxe1+ 30. Qxe1 Rxd6 31. Qe8+ Bf8 32. a5 Kg7 33. Re1 Rf6
34. Kh1 Bd6 35. Qe3 f4 36. Qd4 f3 37. gxf3 Qc8 38. Re6 1-0